 Dungeon Sprint DCSS version 0.22-a0-422-g9628fc87f1 (webtiles) character file.

17347 Ebeneezer the Nimble (level 12, -4/102 HPs)
             Began as a Gnoll Gladiator on May 23, 2018.
             Was a High Priest of Qazlal.
             Slain by a vampire knight
             ... wielding a +0 bardiche
              (23 damage)
             ... while paralysed by a lich
             ... in the Dungeon (Sprint IX: "|||||||||||||||||||||||||||||").
             The game lasted 00:05:03 (1807 turns).

Ebeneezer the Nimble (Gnoll Gladiator)              Turns: 1807, Time: 00:05:04

Health: -4/102     AC: 19    Str: 17    XL:     12   Next: 47%
Magic:  3/27       EV:  2    Int: 17    God:    Qazlal [*****.]
Gold:   210        SH:  0    Dex: 23    Spells: 34/34 levels left

rFire    + . .     SeeInvis .   o - +4 quarterstaff (speed)
rCold    + + .     Gourm    .   (shield currently unavailable)
rNeg     . . .     Faith    .   H - +0 storm dragon scales
rPois    +         Spirit   .   w - +0 hat {MR+}
rElec    +         Reflect  .   p - +0 cloak
rCorr    .         Harm     .   (no gloves)
MR       +....     NoTele   +   (no boots)
Stlth    +.........             A - amulet of regeneration
HPRegen  0.67/turn              B - ring of protection from fire
MPRegen  0.20/turn              z - ring of the Greedy {rC+ Int+4 Dex+2 Stlth-}

@: paralysed, protected from physical damage, repel missiles
A: distributed training, fangs 1, clever 1, cold resistance 1, mutation
resistance 1, poison resistance, strong nose
a: Upheaval, Elemental Force, Disaster Area, Renounce Religion


You were in the Dungeon.
You worshipped Qazlal.
Qazlal was extremely pleased with you.
You were not hungry.

You visited 1 branch You collected 1933 gold pieces.
You spent 1723 gold pieces at shops.

Inventory:

Hand Weapons
 o - a +4 quarterstaff of speed (weapon)
Missiles
 d - 3 throwing nets (quivered)
Armour
 c - a +0 helmet
 p - a +0 cloak (worn)
 q - a +1 chain mail
 w - a +0 hat of magic resistance (worn)
 H - +0 storm dragon scales (worn)
Jewellery
 r - a +2 ring of protection
 s - a +3 ring of dexterity
 z - the ring of the Greedy (right hand) {rC+ Int+4 Dex+2 Stlth-}
   (You bought it in a shop in the Dungeon)

   [ring of loudness]

   It affects your intelligence (+4).
   It affects your dexterity (+2).
   It protects you from cold.
   It makes you less stealthy.
 A - an amulet of regeneration (around neck)
 B - a ring of protection from fire (left hand)
 F - an uncursed ring of protection from fire
 G - an uncursed ring of fire
Wands
 n - a wand of polymorph (10)
 E - a wand of paralysis (11)
Scrolls
 j - 3 scrolls of fog
 k - 5 scrolls of blinking
 l - 6 scrolls of remove curse
 m - 2 scrolls of amnesia
 u - 2 scrolls of identify
 v - 3 scrolls of enchant armour
 x - a scroll of magic mapping {unknown}
 y - a scroll of enchant weapon {unknown}
Potions
 a - a potion of mutation
 b - a potion of resistance
 e - 7 potions of curing
 g - 6 potions of heal wounds
 h - a potion of haste
 i - 4 potions of magic
 C - 2 potions of brilliance
 I - a potion of agility
Miscellaneous
 t - a phantom mirror
Comestibles
 f - 11 rations
 D - a chunk of flesh


   Skills:
 + Level 12.2 Fighting
 + Level 11.5 Short Blades
 + Level 11.5 Long Blades
 + Level 11.5 Axes
 + Level 11.5 Maces & Flails
 + Level 11.5 Polearms
 + Level 12.9 Staves
 + Level 11.5 Slings
 + Level 11.5 Bows
 + Level 11.5 Crossbows
 + Level 12.2 Throwing
 + Level 11.5 Armour
 + Level 12.9 Dodging
 + Level 11.5 Stealth
 + Level 11.5 Shields
 + Level 11.5 Unarmed Combat
 + Level 11.5 Spellcasting
 + Level 9.8 Conjurations
 + Level 9.8 Hexes
 + Level 9.8 Charms
 + Level 9.8 Summonings
 + Level 9.8 Necromancy
 + Level 9.8 Translocations
 + Level 9.8 Transmutations
 + Level 9.8 Fire Magic
 + Level 9.8 Ice Magic
 + Level 9.8 Air Magic
 + Level 9.8 Earth Magic
 + Level 9.8 Poison Magic
 + Level 12.4 Invocations
 + Level 11.5 Evocations


You had 34 spell levels left.
You didn't know any spells.
Your spell library was empty.

Dungeon Overview and Level Annotations

Branches:
Dungeon (1/1)

Altars:
Cheibriados
Dithmenos
Elyvilon
Fedhas
Gozag
Hepliaklqana
Kikubaaqudgha
Makhleb
Nemelex Xobeh
Okawaru
Qazlal
Ru
Sif Muna
Trog
Uskayaw
Vehumet
Wu Jian
Xom
Yredelemnul
Zin
The Shining One
Beogh
Jiyva
Lugonu

Shops:
D =}*(


Innate Abilities, Weirdness & Mutations

Your experience applies equally to all skills.
You have very sharp teeth.
Your uncanny sense of smell can sniff out nearby items.
Your mind is acute. (Int +2)
Your flesh is cold resistant. (rC+)
You are somewhat resistant to further mutation.
Your system is resistant to poisons. (rPois)


Message History

Your protection from physical attacks is fading.
Something hits you!
* * * LOW HITPOINT WARNING * * *
Something bites you.
* * * LOW HITPOINT WARNING * * *
Something draws strength from your injuries!
The lich points at you and mumbles some strange words.
You resist with significant effort. Something hits you.
* * * LOW HITPOINT WARNING * * *
You feel more protected from physical attacks.
Something bites you but does no damage.
The deep elf mage mumbles some strange words.
The deep elf mage blinks!
Something hits you but does no damage. Something bites you but does no damage.
Something hits you.
* * * LOW HITPOINT WARNING * * *
Something bites you but does no damage.
The lich touches you but does no damage.
Something hits you!!
You die...

▓)▓.▓)▓.▓.▓.▓)▓
▓E▓.▓∩▓.▓.▓.▓)▓
▓.▓.▓.▓.▓.▓.▓.▓
▓e▓)▓∩▓.▓.▓.▓.▓
▓E▓.▓)▓.▓.▓.▓[▓
▓.▓.▓∩▓.▓.▓.▓.▓
▓u▓.▓)▓.▓†▓.▓)▓
▓L▓.▓)▓.▓†▓.▓|▓
▓@▓.▓)▓.▓†▓.▓.▓
▓{▓.▓.▓.▓.▓.▓.▓
▓.▓.▓)▓.▓.▓.▓'▓
▓.▓.▓.▓.▓.▓.▓_▓
▓.▓.▓.▓.▓.▓.▓_▓
▓.▓.▓.▓.▓.▓.▓_▓
▓.▓.▓.▓.▓†▓.▓_▓
▓.▓.▓)▓.▓÷▓.▓_▓
▓.▓.▓.▓.▓.▓.▓_▓


You could see a lich, a red ugly thing, 2 earth elementals and a deep elf mage.

Vanquished Creatures
  Gastronok (D)
  A fire dragon (D)
  A hydra (D)
  A yaktaur captain (D)
  A centaur warrior (D)
  An ogre mage (D)
  An orc high priest (D)
  Urug (D)
  2 unseen horrors (D)
  3 orc knights (D)
  6 orc sorcerers (D)
  Joseph (D)
  Maurice (D)
  4 spiny frogs (D)
  2 komodo dragons (D)
  A troll (D)
  A hippogriff (D)
  Grum (D)
  A warg (D)
  A soldier ant (D)
  3 hell hounds (D)
  2 water moccasins (D)
  3 porcupines (D)
  11 orc warriors (D)
  9 wolves (D)
  3 crocodiles (D)
  A big kobold (D)
  2 bullfrogs (D)
  A scorpion (D)
  A hound (D)
  2 orc priests (D)
  4 orc wizards (D)
  A worker ant (D)
  An adder (D)
  A shadow imp (D)
  An adder skeleton (D)
  15 orcs (D)
  A bat skeleton (D)
  A goblin (D)
  A hobgoblin (D)
  A quokka (D)
  A frilled lizard (D)
  A jackal skeleton (D)
  A kobold (D)
  2 leopard gecko zombies (D)
  A rat (D)
103 creatures vanquished.

Vanquished Creatures (others)
  A spriggan (shapeshifter) (D)
1 creature vanquished.

Grand Total: 104 creatures vanquished

Notes
Turn   | Place    | Note
-------+----------+-------------------------------------------
     0 | D        | Ebeneezer the Gnoll Gladiator began the quest for the Orb.
     0 | D        | Reached XP level 1. HP: 20/20 MP: 1/1
    12 | D        | Reached skill level 1 in Invocations
    31 | D        | Reached skill level 1 in Short Blades
    31 | D        | Reached skill level 1 in Long Blades
    31 | D        | Reached skill level 1 in Axes
    31 | D        | Reached skill level 1 in Maces & Flails
    31 | D        | Reached skill level 1 in Polearms
    31 | D        | Reached skill level 1 in Slings
    31 | D        | Reached skill level 1 in Bows
    31 | D        | Reached skill level 1 in Crossbows
    31 | D        | Reached skill level 1 in Armour
    31 | D        | Reached skill level 1 in Stealth
    31 | D        | Reached skill level 1 in Shields
    31 | D        | Reached skill level 1 in Unarmed Combat
    31 | D        | Reached skill level 1 in Spellcasting
    31 | D        | Reached skill level 1 in Evocations
    31 | D        | Reached XP level 2. HP: 26/26 MP: 3/3
    38 | D        | Reached skill level 1 in Conjurations
    38 | D        | Reached skill level 1 in Hexes
    38 | D        | Reached skill level 1 in Charms
    38 | D        | Reached skill level 1 in Summonings
    38 | D        | Reached skill level 1 in Necromancy
    38 | D        | Reached skill level 1 in Translocations
    38 | D        | Reached skill level 1 in Transmutations
    38 | D        | Reached skill level 1 in Fire Magic
    38 | D        | Reached skill level 1 in Ice Magic
    38 | D        | Reached skill level 1 in Air Magic
    38 | D        | Reached skill level 1 in Earth Magic
    38 | D        | Reached skill level 1 in Poison Magic
    49 | D        | Found a roughly hewn altar of Beogh.
    49 | D        | Found a snail-covered altar of Cheibriados.
    49 | D        | Found a shadowy altar of Dithmenos.
    49 | D        | Found a white marble altar of Elyvilon.
    49 | D        | Found a blossoming altar of Fedhas.
    49 | D        | Found an opulent altar of Gozag.
    50 | D        | Found a hazy altar of Hepliaklqana.
    51 | D        | Found a viscous altar of Jiyva.
    52 | D        | Found an ancient bone altar of Kikubaaqudgha.
    53 | D        | Found a corrupted altar of Lugonu.
    54 | D        | Found a burning altar of Makhleb.
    55 | D        | Found a sparkling altar of Nemelex Xobeh.
    56 | D        | Found an iron altar of Okawaru.
    57 | D        | Found a stormy altar of Qazlal.
    58 | D        | Found a sacrificial altar of Ru.
    59 | D        | Found a deep blue altar of Sif Muna.
    60 | D        | Found a bloodstained altar of Trog.
    61 | D        | Found a hide-covered altar of Uskayaw.
    62 | D        | Found a radiant altar of Vehumet.
    63 | D        | Found an ornate altar of the Wu Jian Council.
    64 | D        | Found a shimmering altar of Xom.
    65 | D        | Became a worshipper of Qazlal Stormbringer
    66 | D        | Found a basalt altar of Yredelemnul.
    67 | D        | Found a glowing silver altar of Zin.
    68 | D        | Found a glowing golden altar of the Shining One.
   217 | D        | Noticed a big kobold
   217 | D        | Noticed a scorpion
   222 | D        | Killed a scorpion
   222 | D        | Reached skill level 5 in Fighting
   222 | D        | Reached skill level 5 in Throwing
   222 | D        | Reached XP level 3. HP: 33/33 MP: 4/6
   222 | D        | Reached XP level 4. HP: 39/39 MP: 4/7
   230 | D        | Reached * piety under Qazlal
   245 | D        | Killed a big kobold
   245 | D        | Reached ** piety under Qazlal
   245 | D        | Reached XP level 5. HP: 42/46 MP: 5/10
   314 | D        | Noticed a soldier ant
   314 | D        | Noticed a troll
   314 | D        | Noticed a centaur warrior
   314 | D        | Noticed a spriggan
   316 | D        | Killed a spriggan
   333 | D        | Killed a centaur warrior
   333 | D        | Reached skill level 5 in Short Blades
   333 | D        | Reached skill level 5 in Long Blades
   333 | D        | Reached skill level 5 in Axes
   333 | D        | Reached skill level 5 in Maces & Flails
   333 | D        | Reached skill level 5 in Polearms
   333 | D        | Reached skill level 5 in Slings
   333 | D        | Reached skill level 5 in Bows
   333 | D        | Reached skill level 5 in Crossbows
   333 | D        | Reached skill level 5 in Armour
   333 | D        | Reached skill level 5 in Stealth
   333 | D        | Reached skill level 5 in Shields
   333 | D        | Reached skill level 5 in Unarmed Combat
   333 | D        | Reached skill level 5 in Spellcasting
   333 | D        | Reached skill level 5 in Evocations
   333 | D        | Reached XP level 6. HP: 17/55 MP: 10/14
   333 | D        | Reached XP level 7. HP: 19/60 MP: 10/15
   333 | D        | Reached XP level 8. HP: 21/67 MP: 10/16
   336 | D        | Reached skill level 5 in Conjurations
   336 | D        | Reached skill level 5 in Hexes
   336 | D        | Reached skill level 5 in Charms
   336 | D        | Reached skill level 5 in Summonings
   336 | D        | Reached skill level 5 in Necromancy
   336 | D        | Reached skill level 5 in Translocations
   336 | D        | Reached skill level 5 in Transmutations
   336 | D        | Reached skill level 5 in Fire Magic
   336 | D        | Reached skill level 5 in Ice Magic
   336 | D        | Reached skill level 5 in Air Magic
   336 | D        | Reached skill level 5 in Earth Magic
   336 | D        | Reached skill level 5 in Poison Magic
   337 | D        | Killed a troll
   337 | D        | Reached *** piety under Qazlal
   511 | D        | Gained mutation: Your flesh is cold resistant. (rC+) [potion of mutation]
   511 | D        | Gained mutation: Your mind is acute. (Int +2) [potion of mutation]
   511 | D        | Gained mutation: You are somewhat resistant to further mutation. [potion of mutation]
   511 | D        | Gained mutation: Your system is resistant to poisons. (rPois) [potion of mutation]
   522 | D        | Noticed a spiny frog
   522 | D        | Noticed a spiny frog
   522 | D        | Noticed a spiny frog
   522 | D        | Noticed a hippogriff
   525 | D        | Killed a hippogriff
   526 | D        | Killed a spiny frog
   526 | D        | Reached XP level 9. HP: 66/75 MP: 17/19
   526 | D        | Reached **** piety under Qazlal
   535 | D        | Killed a spiny frog
   535 | D        | Killed a spiny frog
   535 | D        | Reached skill level 10 in Staves
   535 | D        | Reached skill level 10 in Dodging
   540 | D        | Reached ***** piety under Qazlal
   558 | D        | Noticed a seven-headed hydra
   558 | D        | Noticed a spiny frog
   559 | D        | Killed a spiny frog
   559 | D        | Reached XP level 10. HP: 77/83 MP: 20/22
   563 | D        | Killed a seven-headed hydra
   573 | D        | Reached skill level 10 in Fighting
   573 | D        | Reached skill level 10 in Throwing
   659 | D        | Reached ****** piety under Qazlal
   783 | D        | Noticed Gastronok
   803 | D        | Killed Gastronok
   803 | D        | Reached skill level 10 in Invocations
   803 | D        | Reached XP level 11. HP: 83/92 MP: 24/24
   955 | D        | Noticed Maurice
   964 | D        | Killed Maurice
   981 | D        | Noticed Urug
   996 | D        | Killed Urug
  1264 | D        | Noticed an orc knight
  1265 | D        | Reached skill level 10 in Short Blades
  1265 | D        | Reached skill level 10 in Long Blades
  1265 | D        | Reached skill level 10 in Axes
  1265 | D        | Reached skill level 10 in Maces & Flails
  1265 | D        | Reached skill level 10 in Polearms
  1265 | D        | Reached skill level 10 in Slings
  1265 | D        | Reached skill level 10 in Bows
  1265 | D        | Reached skill level 10 in Crossbows
  1265 | D        | Reached skill level 10 in Armour
  1265 | D        | Reached skill level 10 in Stealth
  1265 | D        | Reached skill level 10 in Shields
  1265 | D        | Reached skill level 10 in Unarmed Combat
  1265 | D        | Reached skill level 10 in Spellcasting
  1265 | D        | Reached skill level 10 in Evocations
  1276 | D        | Noticed an orc knight
  1282 | D        | Noticed an orc sorcerer
  1287 | D        | Killed an orc knight
  1290 | D        | Killed an orc knight
  1290 | D        | Killed an orc sorcerer
  1339 | D        | Found Foas's Antique Weapon Boutique.
  1339 | D        | Noticed an orc high priest
  1340 | D        | Killed an orc high priest
  1340 | D        | Noticed an orc knight
  1342 | D        | Noticed an orc sorcerer
  1343 | D        | Found Hywat's Assorted Antiques.
  1344 | D        | Noticed an orc sorcerer
  1345 | D        | Found Itaothra's Gadget Boutique.
  1346 | D        | Killed an orc sorcerer
  1346 | D        | Killed an orc sorcerer
  1346 | D        | Noticed an orc sorcerer
  1355 | D        | Noticed an orc sorcerer
  1365 | D        | Killed an orc knight
  1373 | D        | Killed an orc sorcerer
  1376 | D        | Found Aximut's Jewellery Shop.
  1379 | D        | Noticed an orc sorcerer
  1390 | D        | Killed an orc sorcerer
  1390 | D        | Reached XP level 12. HP: 70/101 MP: 7/26
  1528 | D        | Bought a scroll labeled TIARUE XOMOYHU for 28 gold pieces
  1528 | D        | Bought a scroll labeled KES POGODE for 28 gold pieces
  1528 | D        | Bought a scroll of blinking for 210 gold pieces
  1528 | D        | Bought a scroll of enchant armour for 210 gold pieces
  1532 | D        | Bought the ring of the Greedy {rC+ Int+4 Dex+2 Stlth-} for 477 gold pieces
  1532 | D        | Bought an uncursed amulet of regeneration for 420 gold pieces
  1532 | D        | Bought an uncursed ring of protection from fire for 350 gold pieces
  1583 | D        | Noticed Grum
  1602 | D        | Killed Grum
  1614 | D        | Noticed Joseph
  1634 | D        | Killed Joseph
  1777 | D        | Noticed an ogre mage
  1783 | D        | Killed an ogre mage
  1784 | D        | Noticed a vampire knight
  1785 | D        | Noticed a fire dragon
  1786 | D        | Noticed a yaktaur captain
  1788 | D        | Killed a fire dragon
  1788 | D        | Killed a yaktaur captain
  1788 | D        | Paralysed by something for 3 turns
  1790 | D        | Noticed a lich
  1802 | D        | Paralysed by a lich for 6 turns
  1807 | D        | Slain by a vampire knight

Vault maps used:
D:        linesprint

Skill      XL: |  1  2  3  4  5  6  7  8  9 10 11 12 |
---------------+-------------------------------------+-----
Invocations    | 1 2 4 6 7 8 10 11 12 | 12.4
Short Blades   | 1 2 3 5 7 8 9 10 11 | 11.5
Long Blades    | 1 2 3 5 7 8 9 10 11 | 11.5
Axes           | 1 2 3 5 7 8 9 10 11 | 11.5
Maces & Flails | 1 2 3 5 7 8 9 10 11 | 11.5
Polearms       | 1 2 3 5 7 8 9 10 11 | 11.5
Slings         | 1 2 3 5 7 8 9 10 11 | 11.5
Bows           | 1 2 3 5 7 8 9 10 11 | 11.5
Crossbows      | 1 2 3 5 7 8 9 10 11 | 11.5
Armour         | 1 2 3 5 7 8 9 10 11 | 11.5
Stealth        | 1 2 3 5 7 8 9 10 11 | 11.5
Shields        | 1 2 3 5 7 8 9 10 11 | 11.5
Unarmed Combat | 1 2 3 5 7 8 9 10 11 | 11.5
Spellcasting   | 1 2 3 5 7 8 9 10 11 | 11.5
Evocations     | 1 2 3 5 7 8 9 10 11 | 11.5
Conjurations   | 2 3 4 5 6 8 9 |  9.8
Hexes          | 2 3 4 5 6 8 9 |  9.8
Charms         | 2 3 4 5 6 8 9 |  9.8
Summonings     | 2 3 4 5 6 8 9 |  9.8
Necromancy     | 2 3 4 5 6 8 9 |  9.8
Translocations | 2 3 4 5 6 8 9 |  9.8
Transmutations | 2 3 4 5 6 8 9 |  9.8
Fire Magic     | 2 3 4 5 6 8 9 |  9.8
Ice Magic      | 2 3 4 5 6 8 9 |  9.8
Air Magic      | 2 3 4 5 6 8 9 |  9.8
Earth Magic    | 2 3 4 5 6 8 9 |  9.8
Poison Magic   | 2 3 4 5 6 8 9 |  9.8
Fighting       | 5 7 8 9 10 11 12 | 12.2
Staves         | 7 8 9 10 11 12 | 12.9
Throwing       | 5 7 8 9 10 11 12 | 12.2
Dodging        | 7 8 9 10 11 12 | 12.9

Action                   |  1- 3 |  4- 6 |  7- 9 | 10-12 || total
-------------------------+-------+-------+-------+-------++-------
Melee: Quarterstaff      |    24 |    37 |    23 |   191 ||   275
       Bite              |     5 |     4 |     3 |    36 ||    48
Invok: Disaster Area     |       |       |       |    16 ||    16
Evoke: Wand              |       |     1 |     9 |       ||    10
  Use: Potion            |     1 |     1 |     2 |       ||     4
 Stab: Invisible         |       |     3 |     2 |       ||     5
  Eat: Chunk             |       |       |       |     3 ||     3
Armor: Leather armour    |     2 |       |       |       ||     2
       Chain mail        |     1 |    13 |     7 |    15 ||    36
       Storm dragon scal |       |       |       |     9 ||     9
Dodge: Dodged            |     8 |     9 |    16 |    43 ||    76
       Deflected         |       |       |       |     2 ||     2
Block: Other             |       |       |     6 |    24 ||    30

Table legend:
 A = Spawn XP
 B = Non-spawn XP
 C = Spawn XP percentage of total XP
 D = Spawn monster count
 E = Non-spawn monster count
 F = Spawn count percentage of total count
 G = Total turns spent on level
                    A         B        C        D         E        F      G
               +---------+---------+-------+---------+---------+-------+---------
         Total |       0 |   24782 |   0.0 |       0 |     103 |   0.0 |  1807
               +---------+---------+-------+---------+---------+-------+---------
             D |       0 |   24782 |   0.0 |       0 |     103 |   0.0 |  1807
               +---------+---------+-------+---------+---------+-------+---------
